 Dungeon Crawl Stone Soup version 0.30.0 (webtiles) character file.

Game seed: 17512169062735749696

29 Dani the Chopper (level 3, 29/29 HPs)
             Began as a Demonspawn Fighter on May 20, 2023.
             Quit the game on level 2 of the Dungeon.
             The game lasted 00:01:16 (1057 turns).

Dani the Chopper (Demonspawn Fighter)               Turns: 1057, Time: 00:01:16

Health: 29/29      AC:  9    Str: 16    XL:     3   Next: 1%
Magic:  3/3        EV:  8    Int: 11    God:
Gold:   47         SH:  4    Dex: 12    Spells: 2/2 levels left

rFire   . . .        j - +2 war axe (elec)
rCold   . . .        c - +0 buckler
rNeg    . . .        b - +1 scale mail
rPois   .            (no helmet)
rElec   .            (no cloak)
rCorr   .            (no gloves)
SInv    .            (no boots)
Will    .....        (no amulet) Stlth
                     (no ring)
HPRegen 0.24/turn    (no ring)
MPRegen 0.08/turn

%: no passive effects
@: no status effects
A: slimy green scales 1, demonic magic 1
a: no special abilities


You were on level 2 of the Dungeon.
You visited 1 branch of the dungeon, and saw 2 of its levels.

You collected 47 gold pieces.

Inventory:

Hand Weapons
 a - a +0 war axe
 j - a +2 war axe of electrocution (weapon)
   (You found it on level 2 of the Dungeon)
Armour
 b - a +1 scale mail (worn)
 c - a +0 buckler (worn)
Scrolls
 i - a scroll of identify {unknown}
Potions
 d - a potion of might
 e - a potion of lignification {unknown}
 f - a potion of cancellation {unknown}
 g - a potion of mutation {unknown}
 h - a potion of curing {unknown}


   Skills:
 - Level 3.0 Fighting
 + Level 3.2 Axes
 - Level 2.6 Armour
 - Level 2.6 Shields


You had 2 spell levels left.
You didn't know any spells.
Your spell library was empty.

Dungeon Overview and Level Annotations

Branches:
Dungeon (2/15)

Altars:


Innate Abilities, Weirdness & Mutations

You are partially covered in slimy green scales. (AC +2)
Spells you cast may paralyse adjacent enemies.


Message History

Key pressed, stopping explore.
Key pressed, stopping explore.
h - a black potion Key pressed, stopping explore.
Key pressed, stopping explore.
Key pressed, stopping explore.
Key pressed, stopping explore.
Key pressed, stopping explore.
Key pressed, stopping explore.
Key pressed, stopping explore.
Key pressed, stopping explore.
Key pressed, stopping explore.
Key pressed, stopping explore.
i - a scroll labelled NECET YNIACUCU Partly explored, can't reach some places.
Partly explored, can't reach some places.
There is a stone staircase leading down here.
You climb downwards.
Found a glowing war axe.
There is a stone staircase leading up here.
You see here a +2 war axe of electrocution.
Key pressed, stopping explore.
Unknown command.
You see here a +2 war axe of electrocution.
j - a +2 war axe of electrocution You hear the crackle of electricity.
j - a +2 war axe of electrocution (weapon)
A goblin comes into view. It is wielding a +0 club.
A goblin is nearby!
A goblin is nearby!
A goblin is nearby!
A goblin is nearby!
Found a bubbling clear potion.
A goblin is nearby!
A ball python comes into view.
Found a ring mail.
The ball python hisses angrily.
You hear a shout! x2
A goblin comes into view. It is wielding a +0 club.
You hear a shout!
The goblin shouts!
There are monsters nearby!
A hobgoblin and a ball python come into view.
The hobgoblin shouts!
The ball python hisses angrily.
You hear a shout! x2
A hobgoblin comes into view.
The goblin hits you but does no damage.
A hobgoblin comes into view.
There are monsters nearby!
You slash the goblin!
You kill the goblin!
A hobgoblin comes into view.
There are monsters nearby!
A goblin comes into view. It is wielding a +0 club.
The ball python bites you but does no damage.
You block the ball python's attack.
Things that are here:
a +0 club; a goblin corpse
There are monsters nearby!
You slash the ball python!
You kill the ball python!
The ball python closely misses you. The ball python grabs you.
The ball python constricts you.
Your Axes skill increases to level 3!
You closely miss the ball python. You slash the hobgoblin!
You kill the hobgoblin!
You block the ball python's attack. The ball python constricts you.
The ball python bites you. The ball python constricts you.
You barely miss the ball python.
The ball python bites you but does no damage.
The ball python constricts you. The goblin hits you but does no damage.
You closely miss the ball python. You closely miss the goblin.
The ball python bites you but does no damage.
The ball python constricts you. The ball python completely misses you.
The ball python constricts you. The goblin barely misses you.
You slash the ball python!
You kill the ball python!
You hit the goblin. The goblin hits you but does no damage.
You slash the goblin!
You kill the goblin!
You hit the hobgoblin. The hobgoblin barely misses you.
The hobgoblin hits you but does no damage.
You barely miss the hobgoblin.
The hobgoblin is heavily wounded.
You hit the hobgoblin.
The hobgoblin hits you but does no damage. x2
You slash the hobgoblin!
You kill the hobgoblin!
You hit the hobgoblin.
You kill the hobgoblin!
You closely miss the hobgoblin. The hobgoblin closely misses you.
The hobgoblin barely misses you.
There are monsters nearby!
You miss the goblin. You hit the hobgoblin.
You kill the hobgoblin!
The goblin barely misses you.
You have reached level 3!
Your experience leads to an increase in your attributes!
Increase (S)trength, (I)ntelligence, or (D)exterity?
You feel clever. x2; Your demonic ancestry asserts itself...
Slimy green scales grow over part of your body.
Are you sure you want to abandon this character and quit the game? (Confirm with "yes".)

............#
########.##.# ≈
#.##.# .. #.##.##
... #.....# ....
##...## ..[..##
#..## ...!..g#####
#..#
#.@...#######..####
#####..........<...
#########..####
#..# #..# #..# #..#
#..# ...#


You could see a goblin.

Vanquished Creatures
  A gnoll (D:1)
  An endoplasm (D:1)
  4 hobgoblins (D:2)
  A kobold (D:1)
  A quokka (D:1)
  3 ball pythons
  A bat (D:1)
  A frilled lizard (D:1)
  3 goblins
  4 rats (D:1)
20 creatures vanquished.

Vanquished Creatures (others)
  2 plants (D:1)
2 creatures vanquished.

Grand Total: 22 creatures vanquished

Notes
Turn   | Place    | Note
-------+----------+-------------------------------------------
     0 | D:1      | Dani the Demonspawn Fighter began the quest for the Orb.
     0 | D:1      | Reached XP level 1. HP: 18/18 MP: 1/1
    62 | D:1      | Reached skill level 2 in Axes
   241 | D:1      | Gained mutation: Spells you cast may paralyse adjacent
                  | enemies. [demonic ancestry]
   241 | D:1      | Reached XP level 2. HP: 11/24 MP: 2/2
  1048 | D:2      | Reached skill level 3 in Axes
  1057 | D:2      | Gained mutation: You are partially covered in slimy green
                  | scales. (AC +2) [demonic ancestry]
  1057 | D:2      | Reached XP level 3. HP: 29/29 MP: 3/3
  1057 | D:2      | Quit the game

Illustrated notes

Levels and vault maps discovered:
D:1:      psy_arrival_radial02, layout_basic, serial_forest,
          infiniplex_forest_end_3, infiniplex_forest_clump_small,
          infiniplex_forest_straight_3, infiniplex_forest_lined_room_,
          infiniplex_forest_straight_2, infiniplex_forest_clump_curved
D:2:      layout_loops_ring, basic_altar, minmay_goblin_outpost

Skill      XL: |  1  2 |
---------------+-------+-----
Axes           | 2 3 |  3.2
Fighting       | |  3.0
Armour         | |  2.6
Shields        | |  2.6

Action                     || total
---------------------------++-------
  Melee: War axe           ||    42
    Use: Scroll            ||     1
 Armour: Scale mail        ||    26
  Dodge: Dodged            ||    20
  Block: Buckler           ||     6

Levels and vault maps discovered:
D:1:      psy_arrival_radial02, layout_basic, serial_forest,
          infiniplex_forest_end_3, infiniplex_forest_clump_small,
          infiniplex_forest_straight_3, infiniplex_forest_lined_room_,
          infiniplex_forest_straight_2, infiniplex_forest_clump_curved
D:2:      layout_loops_ring, basic_altar, minmay_goblin_outpost

Table legend: (Time is in decaauts)
 A = Elapsed time spent in this place.
 B = Non-inter-level travel time spent in this place.
 C = Inter-level travel time spent in this place.
 D = Time resting spent in this place.
 E = Time spent auto-exploring this place.
 F = Levels seen in this place.
 G = Mean time per level.
                   A        B        C        D        E       F      G
               +--------+--------+--------+--------+--------+-----+--------+
         Total |   1073 |   1042 |     31 |      0 |    894 |   2 |  536.5 |
       Dungeon |   1073 |   1042 |     31 |      0 |    894 |   2 |  536.5 |
               +--------+--------+--------+--------+--------+-----+--------+

Top non-repeatable levels by time:
     D:1: 1001 daAuts
     D:2: 72 daAuts

Table legend:
 A = Kills in this place as a percentage of kills in the entire game.
 B = Kills by you in this place as a percentage of kills by you in the entire game.
 C = Kills by friends in this place as a percentage of kills by friends in the entire game.
 D = Other kills in this place as a percentage of other kills in the entire game.
 E = Experience gained in this place as a percentage of experience gained in the entire game.
 F = Experience gained in this place divided by the number of levels of this place that you have seen.
                   A       B       C       D       E      F
               +-------+-------+-------+-------+-------+----------------------
         Total | 100.0 | 100.0 |   N/A |   N/A | 100.0 |  21.0
       Dungeon | 100.0 | 100.0 |   N/A |   N/A | 100.0 |  21.0
               +-------+-------+-------+-------+-------+----------------------
